 Dungeon Sprint DCSS version 0.30-a0-1053-gbd8d5ba0ad (webtiles) character file.

Game seed: 18053518359265238047

298 fozzywoppz the Blocker (level 8, -11/82 HPs)
             Began as a Minotaur Fighter on Apr 11, 2023.
             Was a Priest of Okawaru.
             Mangled by the 27-headed Lernaean hydra (12 damage)
             ... in the Dungeon (Sprint VI: "Thunderdome").
             The game lasted 00:08:18 (660 turns).

fozzywoppz the Blocker (Minotaur Fighter)            Turns: 660, Time: 00:08:18

Health: -11/82     AC: 15    Str: 22    XL:     8   Next: 29%
Magic:  0/7        EV:  7    Int:  5    God:    Okawaru [***...]
Gold:   201        SH:  7    Dex: 15    Spells: 7/7 levels left

rFire   + . .      SeeInvis .    o - +0 broad axe
rCold   . . .      Faith    .    c - +0 buckler
rNeg    . . .      Spirit   +    q - +0 plate armour
rPois   .          Reflect  .    (helmet restricted)
rElec   +          Rampage  .    (no cloak)
rCorr   +          NoTele   +    (no gloves)
Will    .....      Harm     + .  (no boots) Stlth
                                 p - amulet "Trusted Companion" {Spirit Harm rElec rF+}
HPRegen 0.33/turn                a - ring of Xom's Reproof {rCorr Dex+4}
MPRegen 0.10/turn                (no ring)

@: mighty, hasted, very quick
A: horns 2, retaliatory headbutt
a: Renounce Religion, Heroism


You were in the Dungeon.
You worshipped Okawaru.
Okawaru was most pleased with you.
You visited 1 branch You collected 600 gold pieces.
You spent 399 gold pieces at shops.

Inventory:

Hand Weapons
 o - a +0 broad axe (weapon)
Armour
 b - a +0 scale mail
 c - a +0 buckler (worn)
 q - a +0 plate armour (worn)
Jewellery
 a - the ring of Xom's Reproof (left hand) {rCorr Dex+4}
   (You bought it in a shop in the Dungeon)

   [ring of resist corrosion]

   Dex:       It affects your dexterity (+4).
   rCorr:     It protects you from acid and corrosion.
 p - the amulet "Trusted Companion" (around neck) {Spirit Harm rElec rF+}
   (You bought it in a shop in the Dungeon)

   [amulet of guardian spirit]

   It causes incoming damage to be divided between your reserves of health and
   magic.
   rF:        It protects you from fire.
   rElec:     It insulates you from electricity.
   Harm:      It increases damage dealt and taken.
Wands
 k - a wand of quicksilver (4)
 l - a wand of roots (5)
Scrolls
 j - 3 scrolls of blinking
 m - 3 scrolls of fog
Potions
 e - 3 potions of curing
 f - 4 potions of heal wounds
 g - 3 potions of haste
 h - 2 potions of magic
 i - a potion of berserk rage
 n - a potion of resistance


   Skills:
 + Level 11.6 Fighting
 + Level 11.3 Axes
 + Level 11.6 Armour
 + Level 11.6 Shields
 + Level 0.0 Invocations


You had 7 spell levels left.
You didn't know any spells.
Your spell library was empty.

Dungeon Overview and Level Annotations

Branches:
Dungeon (1/1)

Altars:
Cheibriados
Dithmenos
Fedhas
Gozag
Kikubaaqudgha
Makhleb
Okawaru
Qazlal
Ru
Sif Muna
Trog
Uskayaw
Vehumet
Wu Jian
Xom
Yredelemnul
Zin
The Shining One
Lugonu

Shops:
D *[??*?*:[((!!!!

Annotations:
D Lernaean hydra


Innate Abilities, Weirdness & Mutations

You have a pair of horns on your head.
You reflexively headbutt those who attack you in melee.


Message History

The 27-headed Lernaean hydra comes into view.
The 27-headed Lernaean hydra roars deafeningly!
Okay, then.
Blink to where?
Press: ? - help, Dir - move target
As you read the scroll of blinking, it crumbles to dust.
You feel yourself speed up.
You feel very mighty all of a sudden.
Aiming: Quicksilver Bolt
Press: ? - help, Shift-Dir - straight line, f - 27-headed Lernaean hydra
Aim: the 27-headed Lernaean hydra (90% to hit)
The bolt of dispelling energy hits the 27-headed Lernaean hydra!
The 27-headed Lernaean hydra is lightly wounded.
An alligator comes into view.
Aiming: Fastroot
Press: ? - help, Shift-Dir - straight line, p - 27-headed Lernaean hydra
Okay, then.
Okay, then.
The 27-headed Lernaean hydra bites you!
The 27-headed Lernaean hydra completely misses you.
The 27-headed Lernaean hydra barely misses you.
The 27-headed Lernaean hydra bites you.
The 27-headed Lernaean hydra bites you but does no damage.
The 27-headed Lernaean hydra bites you.
The 27-headed Lernaean hydra bites you but does no damage.
The 27-headed Lernaean hydra bites you!
The 27-headed Lernaean hydra bites you but does no damage.
The 27-headed Lernaean hydra bites you.
The 27-headed Lernaean hydra bites you but does no damage.
The 27-headed Lernaean hydra bites you. x2
* * * LOW HITPOINT WARNING * * *
You block the 27-headed Lernaean hydra's attack.
The 27-headed Lernaean hydra bites you!
* * * LOW HITPOINT WARNING * * *
The 27-headed Lernaean hydra bites you but does no damage. x2
The 27-headed Lernaean hydra bites you!
* * * LOW HITPOINT WARNING * * *
The 27-headed Lernaean hydra bites you but does no damage. x2
The 27-headed Lernaean hydra bites you!
You die...

#∩........8.#
#.8........∩###
##∩.._......###......___∩##
######.8.........8.######
#⌠...........⌠#
###.........### #_......._#
#_......._# #_......._#
#∩......@∩# ##∩.....D##
##.....## ##⌠⌠⌠## #####


You could see the 27-headed Lernaean hydra.

Vanquished Creatures
  3 queen bees (D)
  Edmund (D)
  A water moccasin (D)
  An orc warrior (D)
  A scorpion (D)
  4 killer bees (D)
  2 jellies (D)
  3 river rats (D)
  A white imp (D)
  A worm (D)
  4 giant cockroaches (D)
  2 rats (D)
24 creatures vanquished.

Notes
Turn   | Place    | Note
-------+----------+-------------------------------------------
     0 | D        | fozzywoppz the Minotaur Fighter began the quest for the
                  | Orb.
     0 | D        | Reached XP level 1. HP: 19/19 MP: 0/0
     2 | D        | Found an ornate altar of the Wu Jian Council.
     3 | D        | Found a shimmering blue altar of Sif Muna.
     3 | D        | Found a basalt altar of Yredelemnul.
     4 | D        | Found a stormy altar of Qazlal.
     5 | D        | Found Rolaet's Distillery.
     5 | D        | Found a snail-covered altar of Cheibriados.
     5 | D        | Found a glowing silver altar of Zin.
     5 | D        | Found Nykilaar's Do-It-Yourself Clinic.
     5 | D        | Round 1.
     6 | D        | Found Bainwiky's Distillery.
     6 | D        | Found Diur's Bottled Wisdom.
     9 | D        | Found a blossoming altar of Fedhas.
    10 | D        | Found a sacrificial altar of Ru.
    20 | D        | Found a shimmering altar of Xom.
    20 | D        | Found Safask's Weapon Rack.
    21 | D        | Found Fudasm's Basic Armour.
    21 | D        | Found Haorif's Miscellaneous Merchandise.
    22 | D        | Found a corrupted altar of Lugonu.
    22 | D        | Found an iron altar of Okawaru.
    22 | D        | Found a bloodstained altar of Trog.
    22 | D        | Found Poungel's Premium Goods.
    26 | D        | Found a hide-covered altar of Uskayaw.
    29 | D        | Found Qaepreu's Identification Station.
    30 | D        | Found Ynnuqos's Advanced Armour.
    30 | D        | Found Qoten's Jewellery.
    31 | D        | Found a burning altar of Makhleb.
    31 | D        | Found an ancient bone altar of Kikubaaqudgha.
    31 | D        | Found an opulent altar of Gozag.
    39 | D        | Reached XP level 2. HP: 23/28 MP: 1/1
    40 | D        | Found a shadowy altar of Dithmenos.
    44 | D        | Found a radiant altar of Vehumet.
    45 | D        | Found Qeupneef's Magic Scroll Shop.
    46 | D        | Found Pehykuma's Magic Scroll Shop.
    46 | D        | Found Coadd's Must-Have Magic.
    47 | D        | Found a glowing golden altar of the Shining One.
    47 | D        | Found Jengel's Staff Store.
   101 | D        | Arena points: 12 (+12) [x2]
   102 | D        | Reached skill level 5 in Fighting
   102 | D        | Reached skill level 5 in Armour
   102 | D        | Reached skill level 5 in Shields
   102 | D        | Reached XP level 3. HP: 34/36 MP: 2/2
   129 | D        | Round 2.
   133 | D        | Became a worshipper of Warmaster Okawaru
   149 | D        | Bought a +0 broad axe for 120 gold pieces
   226 | D        | Bought a clouded pewter ring for 45 gold pieces
   226 | D        | Identified the ring of Xom's Reproof {rCorr Dex+4} (You
                  | bought it in a shop in the Dungeon)
   226 | D        | Bought an ancient golden amulet for 45 gold pieces
   226 | D        | Identified the amulet "Trusted Companion" {Spirit Harm
                  | rElec rF+} (You bought it in a shop in the Dungeon)
   252 | D        | Noticed a scorpion
   256 | D        | Killed a scorpion
   257 | D        | Reached skill level 5 in Axes
   257 | D        | Reached XP level 4. HP: 44/44 MP: 3/3
   279 | D        | Arena points: 54 (+42) [x3]
   311 | D        | Round 3.
   339 | D        | Noticed Edmund
   352 | D        | Reached * piety under Okawaru
   353 | D        | Killed Edmund
   354 | D        | Reached XP level 5. HP: 22/53 MP: 0/4
   356 | D        | Noticed an orc warrior
   376 | D        | Reached ** piety under Okawaru
   377 | D        | Reached XP level 6. HP: 10/62 MP: 0/5
   380 | D        | Killed an orc warrior
   420 | D        | Noticed a water moccasin
   424 | D        | Killed a water moccasin
   424 | D        | Arena points: 138 (+84) [x4]
   465 | D        | Round 4.
   475 | D        | Bought 3 potions of heal wounds for 105 gold pieces
   479 | D        | Reached XP level 7. HP: 66/71 MP: 6/6
   496 | D        | Noticed a queen bee
   507 | D        | Killed a queen bee
   507 | D        | Reached *** piety under Okawaru
   508 | D        | Reached skill level 10 in Fighting
   508 | D        | Reached skill level 10 in Axes
   508 | D        | Reached skill level 10 in Armour
   508 | D        | Reached skill level 10 in Shields
   509 | D        | Noticed a queen bee
   530 | D        | Killed a queen bee
   535 | D        | Reached XP level 8. HP: 36/82 MP: 1/7
   552 | D        | Bought 4 potions of curing for 84 gold pieces
   572 | D        | Noticed a queen bee
   583 | D        | Killed a queen bee
   583 | D        | Arena points: 298 (+160) [x5]
   624 | D        | Round 5.
   643 | D        | Noticed the 27-headed Lernaean hydra
   650 | D        | Noticed an alligator
   660 | D        | HP: 1/82 [the 27-headed Lernaean hydra (12)]
   660 | D        | Mangled by the 27-headed Lernaean hydra

Illustrated notes

Levels and vault maps discovered:
D:        arena_sprint

Skill      XL: |  1  2  3  4  5  6  7  8 |
---------------+-------------------------+-----
Fighting       | 4 5 6 8 9 11 | 11.6
Axes           | 3 4 5 7 9 10 11 | 11.3
Armour         | 4 5 6 8 9 11 | 11.6
Shields        | 4 5 6 8 9 11 | 11.6

Action                     |  1- 3 |  4- 6 |  7- 9 || total
---------------------------+-------+-------+-------++-------
  Melee: War axe           |    15 |       |       ||    15
         Headbutt          |     4 |     4 |     5 ||    13
         Broad axe         |    16 |    26 |    27 ||    69
  Evoke: Wand              |       |       |     1 ||     1
    Use: Potion            |       |     3 |     4 ||     7
         Scroll            |       |       |     1 ||     1
 Armour: Scale mail        |     6 |     6 |       ||    12
         Plate armour      |       |       |    15 ||    15
  Dodge: Dodged            |    13 |     9 |     9 ||    31
  Block: Buckler           |     4 |     5 |     5 ||    14

Table legend: (Time is in decaauts)
 A = Elapsed time spent in this place.
 B = Non-inter-level travel time spent in this place.
 C = Inter-level travel time spent in this place.
 D = Time resting spent in this place.
 E = Time spent auto-exploring this place.
 F = Levels seen in this place.
 G = Mean time per level.
                   A        B        C        D        E       F      G
               +--------+--------+--------+--------+--------+-----+--------+
         Total |    677 |    670 |      7 |     57 |      0 |   1 |  677.0 |
       Dungeon |    677 |    670 |      7 |     57 |      0 |   1 |  677.0 |
               +--------+--------+--------+--------+--------+-----+--------+

Top non-repeatable levels by time:
       D: 677 daAuts
